[Event "Team 45 45 League T40"]
[Site "Internet Chess Club"]
[Date "2009.02.08"]
[Round "2"]
[White "DavidAbran"]
[Black "Boromir"]
[Result "0-1"]
[WhiteElo "1969"]
[BlackElo "2002"]
[Opening "English: symmetrical variation"]
[ECO "A16"]
[Time "12:07:39"]
[TimeControl "2700+45"]

1. c4 Nf6 2. Nc3 c5 3. g3 Nc6 4. Bg2 e6 5. e4 d6 6. Nge2 Be7 7. d3 O-O 8. O-O a6
9. a4 Rb8 10. f4 Qc7 11. h3 b6 12. g4 Bb7 13. g5 Nd7 14. h4 Nd4 15. Be3 Nxe2+
16. Qxe2 f6 17. Rae1 fxg5 18. hxg5 Rbe8 19. Bh3 Bd8 20. Rf2 g6 21. Rh2 Nb8 22.
Bg4 Nc6 23. Qg2 Nd4 24. Bd2 Rf7 25. Qh3 Qe7 26. Nd1 Ref8 27. Nf2 Bc7 28. Bd1 d5
29. e5 b5 30. cxb5 axb5 31. Ng4 Kh8 32. Nf6 bxa4 33. Kf2 Rg7 34. Reh1 Rff7 35.
Bxa4 Bc6 36. Bd1 Bd8 37. b4 Nf5 38. d4 Nxd4 39. bxc5 Nf5 40. Qa3 Qb7 41. Rh3
Bxf6 42. exf6 Rg8 43. Bg4 Ra8 44. Qd3 Ra2 45. Bxf5 exf5 46. Qc3 Kg8 47. Qd4 Ra4
48. Qe5 Re4 49. Qd6 Qb2 50. Rd3 Qc2 51. Rhh3 Be8 52. Rxd5 Rd7 53. f7+ Rxf7 54.
Rc3 Qd1 55. Be3 Qh1 56. c6 Qh2+ 57. Ke1 Rfe7 58. Rdd3 R7e6 59. Qb8 Rxe3+ 60.
Rxe3 Qg1+ 61. Kd2 Qf2+ 62. Kc1 Rxe3 63. Rxe3 Qxe3+ 64. Kb2 Qd4+ 65. Ka2 Qc4+ 66.
Qb3 Qxb3+ 67. Kxb3 Bxc6 68. Kc4 Kf7 69. Kc5 Bf3 70. Kd6 Ke8 71. Ke6 Kd8 72. Kd6
Kc8 73. Ke6 Kc7 74. Ke5 Kc6 75. Kd4 Kd6 76. Kc4 Bg2 77. Kd4 Bf1 78. Ke3 Kd5 79.
Kf2 Ba6 80. Ke3 Bb5 81. Kf3 Kd4 82. Kg2 Ke4 83. Kg3 Ke3 {White resigns} 0-1

[Event "Team 45 45 League T40"]
[Site "Internet Chess Club"]
[Date "2009.02.07"]
[Round "2"]
[White "chesskilleruk"]
[Black "tini3blas"]
[Result "0-1"]
[WhiteElo "2315"]
[BlackElo "2186"]
[Opening "Alekhine's defense"]
[ECO "B02"]
[Time "21:54:30"]
[TimeControl "2700+45"]

1. e4 Nf6 2. Nc3 d6 3. f4 c5 4. Nf3 Nc6 5. Bc4 e6 6. O-O Nxe4 7. Nxe4 d5 8. Bd3
c4 9. Nf2 cxd3 10. Nxd3 Bd6 11. Nde5 f6 12. Nd3 O-O 13. Re1 Qc7 14. g3 e5 15. c4
dxc4 16. fxe5 fxe5 17. Nf2 Bc5 18. Qe2 Bxf2+ {White resigns} 0-1

[Event "Team 45 45 League T40"]
[Site "Internet Chess Club"]
[Date "2009.02.06"]
[Round "2"]
[White "adh2050"]
[Black "RedAttack"]
[Result "0-1"]
[WhiteElo "2134"]
[BlackElo "2030"]
[Opening "French: King's Indian attack"]
[ECO "C00"]
[Time "10:00:28"]
[TimeControl "2700+45"]

1. e4 e6 2. d3 b6 3. g3 Bb7 4. Bg2 Be7 5. Ne2 d5 6. e5 Nd7 7. d4 c5 8. c3 Qc7 9.
a3 h6 10. h4 Ba6 11. Be3 Qc6 12. Nd2 Qb5 13. c4 Qc6 14. b4 cxb4 15. axb4 Bxc4
16. Nxc4 Qxc4 17. O-O Bxb4 18. Rc1 Qa6 19. Qc2 Ne7 20. g4 Rc8 21. Qb2 Rxc1 22.
Nxc1 Nc6 23. Qc2 Qb7 24. Nd3 Be7 25. Rc1 Ndb8 26. h5 a5 27. Bf1 O-O 28. Qd2 f5
29. exf6 Bxf6 30. Nf4 Bg5 31. Nxe6 Bxe3 32. fxe3 Rf6 33. Nf4 Qd7 34. Qg2 Nb4 35.
Qg3 N8c6 36. Bb5 Qd6 37. Qg2 Nxd4 38. Ng6 Nxb5 39. Rc8+ Kf7 40. Rf8+ Qxf8 41.
Nxf8 Kxf8 42. g5 hxg5 43. Qxg5 Nd6 44. Qe5 Kg8 45. Qe7 Kh7 46. Qd8 Nc4 47. Qe8
Nc6 48. Kg2 N6e5 49. e4 d4 50. Qd8 d3 51. h6 Rxh6 52. Kf2 d2 53. Ke2 Rd6 54.
Qh4+ Kg8 55. Qh1 d1=Q+ 56. Qxd1 Rxd1 57. Kxd1 a4 58. Kc2 a3 59. Kb3 g5 {White
resigns} 0-1

[Event "Team 45 45 League T40"]
[Site "Internet Chess Club"]
[Date "2009.02.06"]
[Round "2"]
[White "frank001"]
[Black "trucazzo"]
[Result "0-1"]
[WhiteElo "1956"]
[BlackElo "2047"]
[Opening "Queen's bishop game"]
[ECO "D02"]
[Time "13:13:46"]
[TimeControl "2700+45"]

1. d4 Nf6 2. Nf3 d5 3. Bf4 c5 4. e3 Qb6 5. b3 Bg4 6. c3 Nc6 7. Bd3 Ne4 8. h3 g5
9. Bh2 Bh5 10. g4 Bg6 11. O-O h5 12. Bxe4 dxe4 13. Nxg5 cxd4 14. exd4 Bh6 15. h4
Bxg5 16. hxg5 Rd8 17. Qe2 Qa5 18. Bf4 hxg4 19. Qxg4 e5 20. b4 Qd5 21. dxe5 Nxe5
22. Bxe5 Qxe5 23. Qg3 Qf5 24. Re1 Rh5 25. f4 Rd3 26. Qg2 Qxf4 {White resigns}
0-1

[Event "Team 45 45 League T40"]
[Site "Internet Chess Club"]
[Date "2009.02.06"]
[Round "2"]
[White "chessdude64"]
[Black "fundie"]
[Result "0-1"]
[WhiteElo "2065"]
[BlackElo "2258"]
[Opening "English opening"]
[ECO "A21"]
[Time "20:00:56"]
[TimeControl "2700+45"]

1. c4 e5 2. Nc3 c5 3. g3 Nc6 4. Bg2 f5 5. d3 d6 6. f4 Nf6 7. Nf3 g6 8. e4 Bg7 9.
O-O O-O 10. h3 Nd4 11. a3 exf4 12. Bxf4 Nh5 13. Nxd4 Nxf4 14. Nxf5 Bxc3 15. gxf4
Bf6 16. Ne3 Bxb2 17. Ra2 Bd4 18. Qf3 Qh4 19. Kh2 Rxf4 20. Qxf4 Be5 21. Qxe5 dxe5
22. Nd5 Qd8 23. Raf2 Be6 24. Bf3 h5 25. Bd1 Qh4 26. Rf3 Kg7 27. Nc7 Bg4 28. Rg3
Rf8 29. Rxg4 hxg4 30. Ne6+ Kh6 31. Rxf8 Qxh3+ 32. Kg1 Qg3+ 33. Kf1 Qxd3+ 34. Be2
Qh3+ 35. Ke1 Qg3+ 36. Kd2 g5 37. Rf6+ Kh7 38. Nxg5+ Kg7 39. Rf5 Qxa3 40. Bxg4
Qb4+ 41. Ke3 Qc3+ 42. Kf2 Qxc4 43. Ne6+ Kh7 44. Rxe5 Qc2+ 45. Kf3 c4 46. Rg5 c3
47. Nf8+ Kh8 48. Nd7 Qd3+ 49. Kf4 Qd2+ 50. Kf5 Qxg5+ 51. Kxg5 c2 52. e5 Kg7 53.
Bh5 c1=Q+ 54. Kf5 Qf1+ 55. Kg5 Qb5 56. Bg4 a5 57. Kf4 a4 58. Nf6 a3 59. Ne8+
{White resigns} 0-1

[Event "Team 45 45 League T40"]
[Site "Internet Chess Club"]
[Date "2009.02.07"]
[Round "2"]
[White "gyoung"]
[Black "eurander"]
[Result "1-0"]
[WhiteElo "2247"]
[BlackElo "2225"]
[Opening "Caro-Kann: Panov-Botvinnik attack"]
[ECO "B13"]
[Time "01:00:42"]
[TimeControl "2700+45"]

1. e4 c6 2. d4 d5 3. exd5 cxd5 4. c4 Nf6 5. Nc3 Nc6 6. Nf3 Bg4 7. cxd5 Nxd5 8.
Qb3 Bxf3 9. gxf3 Nb6 10. d5 Nd4 11. Bb5+ Nd7 12. Qd1 Nxb5 13. Nxb5 Qa5+ 14. Nc3
e5 15. dxe6 fxe6 16. Qb3 Qa6 17. Be3 Bc5 18. O-O-O Qc6 19. Kb1 O-O 20. Rxd7 Bxe3
21. Rxb7 Bxf2 22. Ne4 Bb6 23. Re7 Rae8 24. Rxe8 Rxe8 25. Rd1 Rd8 26. Rxd8+ Bxd8
27. a3 Qd7 28. Nc5 Qd5 29. Qxd5 exd5 30. Ne6 Bb6 31. h3 Kf7 32. Nf4 d4 33. Kc2
g5 34. Nd5 Ke6 35. Nxb6 axb6 36. a4 Kd5 37. b4 Kc4 38. a5 bxa5 39. bxa5 Kb5 40.
Kd3 Kxa5 41. Kxd4 Kb4 42. Ke5 Kc5 43. Kf5 Kd5 44. Kxg5 Ke5 45. f4+ Ke6 46. h4
Kf7 47. Kf5 Ke7 48. Ke5 Kf7 49. Kf5 Ke7 50. Kg5 Kf7 51. Kh6 Kg8 52. Kh5 Kf8 53.
Kg4 Ke7 54. Kf5 Kf7 55. h5 Ke7 56. Ke5 Kf7 57. Kd6 h6 58. Ke5 Ke7 59. f5 Kf7 60.
f6 Kf8 61. Ke4 Ke8 62. Kf4 Kf8 63. Ke5 {Black resigns} 1-0

[Event "Team 45 45 League T40"]
[Site "Internet Chess Club"]
[Date "2009.02.09"]
[Round "2"]
[White "frothyjowels"]
[Black "f5"]
[Result "1-0"]
[WhiteElo "2346"]
[BlackElo "2213"]
[Opening "Sicilian: Nimzovich-Rossolimo attack (with ...g6, without ...d6)"]
[ECO "B31"]
[Time "13:01:56"]
[TimeControl "2700+45"]

1. e4 c5 2. Nf3 Nc6 3. Bb5 g6 4. Bxc6 dxc6 5. O-O Bg7 6. d3 Nf6 7. h3 Nd7 8. Nc3
e5 9. Be3 Qe7 10. Qd2 Nf8 11. Nh2 Ne6 12. Ne2 O-O 13. Bh6 f6 14. Bxg7 Kxg7 15.
f4 Nd4 16. f5 Qd6 17. Ng3 gxf5 18. Nh5+ Kh8 19. c3 Nb5 20. exf5 Bd7 21. Qh6 Rf7
22. Ng4 Qf8 23. Rf3 Nd6 24. Qd2 Qe7 25. Re1 Nxf5 26. Qf2 Ng7 27. Nxe5 Nxh5 28.
Ng6+ hxg6 29. Rxe7 Rxe7 30. g4 Ng7 31. Qh4+ Kg8 32. Qxf6 Rae8 33. Qxg6 Be6 34.
c4 Rf7 35. Rxf7 Bxf7 36. Qg5 b6 37. h4 Kf8 38. h5 Ne6 39. Qh6+ Ke7 40. g5 Rg8
41. Qf6+ Ke8 42. g6 {Black resigns} 1-0

[Event "Team 45 45 League T40"]
[Site "Internet Chess Club"]
[Date "2009.02.08"]
[Round "2"]
[White "chiiwen"]
[Black "Gil-galad"]
[Result "1-0"]
[WhiteElo "2072"]
[BlackElo "2084"]
[Opening "Sicilian: dragon, classical, Richter variation"]
[ECO "B73"]
[Time "14:00:28"]
[TimeControl "2700+45"]

1. e4 c5 2. Nf3 d6 3. d4 cxd4 4. Nxd4 Nf6 5. Nc3 g6 6. Be2 Bg7 7. O-O Nc6 8. Be3
O-O 9. Qd2 d5 10. exd5 Nxd5 11. Nxd5 Nxd4 12. c4 e5 13. Bxd4 exd4 14. Bf3 Be6
15. b3 Rc8 16. Rad1 Re8 17. Rfe1 Qd6 18. Nb4 b5 19. cxb5 Qb6 20. Bc6 Red8 21.
Qd3 Bf5 22. Qf3 Qc5 23. Nd5 Be6 24. Nf4 Qd6 25. Nxe6 fxe6 26. Qe4 e5 27. Rd3 Qa3
28. Rh3 Qxa2 29. Bd5+ Kh8 30. Qxg6 {Black resigns} 1-0

[Event "Team 45 45 League T40"]
[Site "Internet Chess Club"]
[Date "2009.02.07"]
[Round "2"]
[White "JustinSane"]
[Black "Legal"]
[Result "1/2-1/2"]
[WhiteElo "2095"]
[BlackElo "1997"]
[Opening "Queen's pawn"]
[ECO "A40"]
[Time "16:00:31"]
[TimeControl "2700+45"]

1. d4 e6 2. Bf4 c6 3. c3 d5 4. Nf3 Nf6 5. e3 Bd6 6. Ne5 Qc7 7. Nd2 Nbd7 8. Nxd7
Bxd7 9. Bxd6 Qxd6 10. Nf3 c5 11. Ne5 Qb6 12. Qb3 Qxb3 13. axb3 cxd4 14. exd4 Ke7
15. Bd3 a6 16. Ke2 Rhc8 17. Ra5 h6 18. h4 Ne8 19. h5 Nd6 20. Nxd7 Kxd7 21. g4 f6
22. Rg1 Ke7 23. Ke3 Rab8 24. f4 Rh8 25. Raa1 Nf7 26. b4 e5 27. dxe5 fxe5 28. Bg6
exf4+ 29. Kxf4 Rhf8 30. Rge1+ Kd6 31. Bf5 Rbe8 32. Rad1 Ne5 33. Re3 Nc4 34. Red3
Re4+ 35. Kg3 Re3+ 36. Kf4 Rxd3 37. Rxd3 Nxb2 38. Re3 Rf6 39. Re8 Nc4 40. Rb8 Rf7
41. g5 hxg5+ 42. Kxg5 Ne5 43. Rd8+ Kc6 44. Be6 Nf3+ 45. Kg4 Ne5+ 46. Kg5 Nf3+
47. Kg4 Ne5+ {Game drawn by mutual agreement} 1/2-1/2

[Event "Team 45 45 League T40"]
[Site "Internet Chess Club"]
[Date "2009.02.08"]
[Round "2"]
[White "Monsoon-Smith"]
[Black "MRuperez"]
[Result "0-1"]
[WhiteElo "2075"]
[BlackElo "2218"]
[Opening "Sicilian"]
[ECO "B50"]
[Time "16:00:12"]
[TimeControl "2700+45"]

1. e4 c5 2. Nf3 d6 3. g3 Nc6 4. Bg2 g6 5. O-O Bg7 6. d3 e6 7. c3 Nge7 8. Bg5 h6
9. Be3 O-O 10. d4 cxd4 11. cxd4 d5 12. e5 Nf5 13. Nc3 Bd7 14. Re1 Nxe3 15. fxe3
Na5 16. e4 dxe4 17. Nxe4 Nc4 18. Qb3 Nb6 19. Rac1 Bc6 20. Nd6 Rb8 21. Qd3 Qe7
22. b4 a6 23. Nd2 Bxg2 24. Kxg2 Nd5 25. a3 h5 26. N2e4 Bh6 27. Rc2 Kg7 28. Rf2
Rbd8 29. Nf6 b5 30. Nxd5 exd5 31. Ref1 Rxd6 32. exd6 Qe4+ 33. Qxe4 dxe4 34. Rc2
Rd8 35. Rc6 f5 36. Rxa6 Kf7 37. Rf2 Be3 38. Rc2 Bxd4 39. Rc7+ Ke6 40. Re7+ Kf6
41. Rb7 g5 42. Rxb5 f4 43. d7+ Ke7 44. Rxg5 f3+ 45. Kf1 e3 46. Rc6 e2+ 47. Ke1
Rxd7 48. Rc1 Bc3+ 49. Kf2 Rd1 {White resigns} 0-1

[Event "Team 45 45 League T40"]
[Site "Internet Chess Club"]
[Date "2009.02.10"]
[Round "2"]
[White "playwaycool"]
[Black "fledermaus"]
[Result "1-0"]
[WhiteElo "2112"]
[BlackElo "2003"]
[Opening "QGD Slav: 4.e3 Bf5"]
[ECO "D12"]
[Time "16:00:04"]
[TimeControl "2700+45"]

1. d4 d5 2. Nf3 Nf6 3. e3 Bf5 4. c4 c6 5. Nc3 e6 6. Bd3 Bxd3 7. Qxd3 Nbd7 8. O-O
Bd6 9. cxd5 exd5 10. e4 dxe4 11. Nxe4 Be7 12. Nxf6+ Nxf6 13. Qb3 Qb6 14. Qxb6
axb6 15. Re1 Nd5 16. Bg5 f6 17. Bd2 Kd7 18. g3 Bd6 19. a3 Rhe8 20. Nh4 g6 21.
Ng2 b5 22. Ne3 Nxe3 23. Bxe3 Ke6 24. Bg5+ Kf7 25. Be3 Rad8 26. a4 bxa4 27. Rxa4
Ra8 28. Rea1 Rxa4 29. Rxa4 Ke6 30. Kf1 Rd8 31. Ke2 Rd7 32. h3 Bc7 33. b3 Rd5 34.
Kd3 Rb5 35. Kc2 Kd5 36. Ra8 Ke6 37. Re8+ Kf7 38. Rh8 Rh5 39. Rc8 Bd6 40. h4 Rd5
41. g4 Bh2 42. f4 Rd7 43. h5 gxh5 44. gxh5 Kg7 45. f5 Rd5 46. h6+ Kf7 47. Rh8
Rxf5 48. Rxh7+ Ke6 49. Rxb7 Rh5 50. Kd3 f5 51. h7 f4 52. Bf2 Bg3 53. Bxg3 fxg3
54. Ke3 Kd5 55. Kf3 Kxd4 56. Kxg3 Kc3 57. Kg4 Rh1 58. Kg5 c5 59. Kg6 Rg1+ 60.
Kf7 Rf1+ 61. Kg8 Rg1+ 62. Rg7 Rh1 63. Rg3+ {Black resigns} 1-0

[Event "Team 45 45 League T40"]
[Site "Internet Chess Club"]
[Date "2009.02.07"]
[Round "2"]
[White "baumhauer"]
[Black "Speedy-Reedy"]
[Result "0-1"]
[WhiteElo "1909"]
[BlackElo "1901"]
[Opening "QGD: Tarrasch, Prague variation"]
[ECO "D33"]
[Time "04:00:59"]
[TimeControl "2700+45"]

1. Nf3 c5 2. c4 Nf6 3. Nc3 e6 4. g3 d5 5. cxd5 exd5 6. d4 Nc6 7. Bg2 h6 8. O-O
Be7 9. a3 Be6 10. dxc5 Bxc5 11. b4 Be7 12. Bb2 Rc8 13. Nb5 Qd7 14. Rc1 O-O 15.
Nbd4 Nxd4 16. Qxd4 b6 17. Ne5 Qb5 18. Bf3 Rfd8 19. Rxc8 Rxc8 20. Rc1 Rxc1+ 21.
Bxc1 a5 22. Bd2 Qa4 23. Kg2 Qxa3 24. bxa5 bxa5 25. Qa7 Bb4 26. Be3 Qc3 27. Bd4
Qc8 28. e3 Bh3+ {White resigns} 0-1

[Event "Team 45 45 League T40"]
[Site "Internet Chess Club"]
[Date "2009.02.09"]
[Round "2"]
[White "gringo"]
[Black "easycure"]
[Result "0-1"]
[WhiteElo "2293"]
[BlackElo "2388"]
[Opening "French: Winawer, advance, 6...Ne7"]
[ECO "C18"]
[Time "20:00:03"]
[TimeControl "2700+45"]

1. e4 e6 2. d4 d5 3. Nc3 Bb4 4. e5 c5 5. a3 Bxc3+ 6. bxc3 Ne7 7. h4 b6 8. h5 h6
9. Qg4 Kf8 10. Rh3 Ba6 11. Bxa6 Nxa6 12. Nf3 Rc8 13. Nh4 Rg8 14. Rf3 Ke8 15. Qf4
Rf8 16. g4 cxd4 17. cxd4 Rc4 18. c3 Qc7 19. Bd2 f6 20. exf6 Qxf4 21. Rxf4 Rxf6
22. Rxf6 gxf6 23. Bxh6 Rxc3 24. Be3 Kf7 25. Kd2 Rc8 26. f4 Rh8 27. Rc1 f5 28.
Nf3 fxg4 29. Ne5+ Kg7 30. Rh1 g3 31. Rh3 Nf5 32. Ng6 Rc8 33. Nh4 Nxh4 34. Rxh4
Rg8 35. Ke2 Kh7 36. Kf3 Nc7 37. Rh1 Nb5 38. Ra1 Nd6 39. Bg1 Kh6 40. Re1 Ne4 41.
Rc1 g2 42. Rc6 Rg3+ 43. Ke2 Rxa3 44. Rxe6+ Kxh5 45. Re8 Kg4 46. Rg8+ Kxf4 47.
Bh2+ Kf5 48. Rxg2 Ra2+ 49. Kf3 Rxg2 50. Kxg2 Nd2 51. Kf2 Ke4 52. Ke2 Nf3 53. Bb8
Nxd4+ 54. Kd1 Nc6 55. Bd6 b5 56. Kc2 a5 57. Kc3 d4+ 58. Kd2 b4 {White resigns}
0-1

[Event "Team 45 45 League T40"]
[Site "Internet Chess Club"]
[Date "2009.02.08"]
[Round "2"]
[White "Blade"]
[Black "GeofDeV"]
[Result "1/2-1/2"]
[WhiteElo "2082"]
[BlackElo "1917"]
[Opening "Van't Kruijs opening"]
[ECO "A00"]
[Time "03:04:41"]
[TimeControl "2700+45"]

1. e3 d5 2. d4 Bf5 3. c4 c6 4. cxd5 cxd5 5. Bb5+ Nc6 6. Qa4 Qc7 7. Nf3 a6 8. Ne5
Bd7 9. Nxd7 Qxd7 10. Bd3 e6 11. O-O Nb4 12. Qxd7+ Kxd7 13. Rd1 Rc8 14. Nc3 Nxd3
15. Rxd3 Nf6 16. f3 Bb4 17. a3 Bxc3 18. bxc3 Rc4 19. Bb2 b5 20. Re1 Rhc8 21. e4
R8c6 22. Rde3 Kc7 23. h3 Kb6 24. Kf2 Ka5 25. g3 Ka4 26. e5 Nd7 27. Rb1 Nb6 28.
Bc1 Ka5 29. Rd3 Na4 30. Bd2 Kb6 31. Rb3 Kc7 32. f4 Nb6 33. g4 Ra4 34. f5 Kd7 35.
Rf3 Nc4 36. Bc1 Na5 37. Rb4 Rxb4 38. axb4 Nb3 39. Bf4 a5 40. bxa5 Ra6 41. fxe6+
{Game drawn by mutual agreement} 1/2-1/2

[Event "Team 45 45 League T40"]
[Site "Internet Chess Club"]
[Date "2009.02.08"]
[Round "2"]
[White "Ser-Enigma"]
[Black "Tiesto"]
[Result "1-0"]
[WhiteElo "2130"]
[BlackElo "1667"]
[Opening "Bogo-Indian defense"]
[ECO "E11"]
[Time "13:02:38"]
[TimeControl "2700+45"]

1. d4 Nf6 2. c4 e6 3. Nf3 Bb4+ 4. Bd2 Bxd2+ 5. Nbxd2 b6 6. g3 Bb7 7. Bg2 O-O 8.
O-O d6 9. Qc2 Nbd7 10. e4 e5 11. Rad1 Re8 12. d5 a5 13. b3 Nc5 14. a3 Ncd7 15.
Nh4 Nf8 16. Nf5 Ng6 17. h3 Ne7 18. Ne3 Ng6 19. Kh2 Rf8 20. Qd3 Qd7 21. Nf5 Ne7
22. Nxe7+ Qxe7 23. f4 exf4 24. gxf4 Rae8 25. Rde1 Bc8 26. Bf3 Qd7 27. Bd1 Re7
28. e5 Rfe8 29. Qg3 dxe5 30. fxe5 Nxd5 31. cxd5 Qxd5 32. Ne4 Kf8 33. Ng5 Kg8 34.
Bh5 g6 35. Ne4 Re6 36. Nf6+ Rxf6 37. exf6 Qd2+ 38. Kg1 Qd4+ 39. Qf2 Qxf2+ 40.
Kxf2 Rxe1 41. Rxe1 Be6 42. Rd1 h6 43. Rd8+ Kh7 44. Bd1 Bxh3 45. Bc2 h5 46. Kg3
Be6 47. Kh4 c6 48. Kg5 Bd5 49. Rd7 Kg8 50. Kh6 {Black resigns} 1-0

[Event "Team 45 45 League T40"]
[Site "Internet Chess Club"]
[Date "2009.02.11"]
[Round "2"]
[White "Campagnolo"]
[Black "izit"]
[Result "1/2-1/2"]
[WhiteElo "2067"]
[BlackElo "2184"]
[Opening "King's Indian: orthodox, Aronin-Taimanov, main line"]
[ECO "E99"]
[Time "17:08:34"]
[TimeControl "2700+45"]

1. c4 Nf6 2. Nc3 g6 3. e4 d6 4. d4 Bg7 5. Nf3 O-O 6. Be2 e5 7. O-O Nc6 8. d5 Ne7
9. Ne1 Nd7 10. f3 f5 11. Be3 f4 12. Bf2 g5 13. Rc1 Ng6 14. c5 Nxc5 15. b4 Na6
16. Nd3 Bd7 17. a4 Rf7 18. Nb5 Bxb5 19. axb5 Nb8 20. Rc3 Nd7 21. Qc2 Nb6 22. Rc1
Rc8 23. Qa2 Ra8 24. Ra3 Qb8 25. Ra1 Nc8 26. Rc1 Bf6 27. Nb2 b6 28. Qc4 Bd8 29.
Rca1 Nf8 30. g4 Kg7 31. Qc1 Ne7 32. Qf1 Nfg6 33. Bc4 Ng8 34. Nd3 Nf6 35. Ne1 h5
36. gxh5 Nxh5 37. Qh3 Nf6 38. Qe6 Rf8 39. Bf1 Re8 40. Qf5 Ng8 41. Qd7+ Re7 42.
Qc6 Nf6 43. Bh3 Kh6 44. Qxa8 Qxa8 45. Rxa7 Qxa7 46. Rxa7 Nh8 47. Bf5 Kh5 48. h3
Nf7 49. Ng2 Nh6 50. Be6 Re8 51. Kh2 Kg6 52. Ne1 Rf8 53. Nd3 Nfg8 54. Be1 Ne7 55.
Bc3 Kf6 56. Be1 Ng6 57. Bf2 Rh8 58. Kg2 Nf8 59. Bc8 Ng6 {Game drawn by mutual
agreement} 1/2-1/2

[Event "Team 45 45 League T40"]
[Site "Internet Chess Club"]
[Date "2009.02.10"]
[Round "2"]
[White "kingcapture"]
[Black "nosalt"]
[Result "1/2-1/2"]
[WhiteElo "2291"]
[BlackElo "2016"]
[Opening "Sicilian: Najdorf, 6.f4"]
[ECO "B93"]
[Time "17:03:24"]
[TimeControl "2700+45"]

1. e4 c5 2. Nf3 d6 3. d4 cxd4 4. Nxd4 Nf6 5. Nc3 a6 6. f4 e5 7. Nf3 Nbd7 8. a4
Be7 9. Bd3 O-O 10. O-O exf4 11. Kh1 Ne5 12. Bxf4 Bg4 13. Qe1 Bxf3 14. gxf3 Nxd3
15. cxd3 d5 16. Nxd5 Nxd5 17. exd5 Re8 18. Qe4 Bd6 19. Qd4 Bxf4 20. Qxf4 Qxd5
21. d4 Re2 22. Rae1 Rxb2 23. Re5 Qc4 24. Rg1 Rb6 25. a5 Rg6 26. Rge1 h6 27. h4
Qc6 28. d5 Qd7 29. Kh2 Rc8 30. R1e2 Qd6 31. h5 Rf6 32. Qe4 Rxf3 33. Qxf3 f6 34.
Qg3 fxe5 35. Rxe5 Qb4 36. d6 Rc2+ 37. Kh3 Rc3 38. Re3 Rxe3 39. Qxe3 Qxd6 40.
Qe8+ Qf8 41. Qe6+ Kh8 42. Qe5 Qa3+ 43. Kg2 Qa2+ 44. Kh3 Qb3+ 45. Kg2 Qc2+ 46.
Kh3 Qd3+ 47. Kg2 Kh7 48. Kh2 Qf3 49. Kg1 Qf6 50. Qe4+ Kg8 51. Qxb7 Qa1+ 52. Kf2
Qxa5 53. Qc8+ Kf7 54. Qd7+ Kf6 55. Qd6+ Kg5 56. Qg6+ Kh4 57. Qxg7 Qd2+ 58. Kf3
Qd3+ 59. Kf4 Qf1+ 60. Ke3 Kxh5 61. Qe5+ Kh4 62. Qe7+ Kg4 63. Qe6+ Kg5 64. Qg8+
Kh4 65. Qd8+ Kg4 66. Qd4+ Kh5 67. Qd5+ Kh4 68. Qe4+ Kg5 69. Qa8 Qe1+ 70. Kd3
Qd1+ 71. Ke3 Qg1+ 72. Ke2 Qh2+ 73. Ke1 Qe5+ 74. Kf1 a5 75. Qg8+ Kh5 76. Qf7+ Kh4
77. Qf2+ Kg4 78. Qb6 Qf4+ 79. Kg1 Qc1+ 80. Kf2 Qd2+ 81. Kf1 h5 82. Qe6+ Kf3 83.
Qh3+ Kf4 84. Qh4+ Ke3 85. Qg5+ Kd3 86. Qd5+ Kc2 87. Qa2+ Kd3 88. Qd5+ Kc2 89.
Qa2+ {Game drawn by mutual agreement} 1/2-1/2

[Event "Team 45 45 League T40"]
[Site "Internet Chess Club"]
[Date "2009.02.05"]
[Round "2"]
[White "dnmuscg"]
[Black "jonesey"]
[Result "0-1"]
[WhiteElo "1939"]
[BlackElo "2013"]
[Opening "Ruy Lopez: closed, center attack"]
[ECO "C84"]
[Time "10:51:07"]
[TimeControl "2700+45"]

1. e4 e5 2. Nf3 Nc6 3. Bb5 a6 4. Ba4 Nf6 5. O-O Be7 6. d4 exd4 7. e5 Ne4 8. Nxd4
O-O 9. Re1 Nc5 10. Bb3 Nxb3 11. axb3 Nxd4 12. Qxd4 d6 13. Nc3 dxe5 14. Qxe5 Be6
15. Bf4 Bd6 16. Qe4 Bxf4 17. Qxf4 Qd6 18. Qf3 Qb6 19. Re2 c6 20. Rae1 Rae8 21.
Qg3 Qa5 22. Ne4 Kh8 23. Nd6 Rb8 24. Re5 b5 25. Rg5 Qxe1# {White checkmated} 0-1

[Event "Team 45 45 League T40"]
[Site "Internet Chess Club"]
[Date "2009.02.09"]
[Round "2"]
[White "Pillsbury57"]
[Black "GtoG"]
[Result "0-1"]
[WhiteElo "1519"]
[BlackElo "1689"]
[Opening "Scandinavian: Pytel-Wade variation"]
[ECO "B01"]
[Time "15:55:04"]
[TimeControl "2700+45"]

1. e4 d5 2. exd5 Qxd5 3. Nc3 Qd6 4. Nf3 Nf6 5. d4 a6 6. Be2 b5 7. Qd3 Bb7 8. O-O
e6 9. Re1 Be7 10. Ne5 Nbd7 11. f4 O-O 12. Be3 c5 13. Bf3 Bxf3 14. Nxf3 c4 15.
Qe2 Nd5 16. Nxd5 Qxd5 17. c3 Nf6 18. Ne5 Rac8 19. Rad1 Nd7 20. Bf2 Bf6 21. Bg3
Nb6 22. Qg4 Qb7 23. Bh4 Bxh4 24. Qxh4 Nd5 25. Rf1 Ne3 26. Rf3 Nxd1 27. Rh3 h6
28. Ng4 f5 29. Nxh6+ gxh6 30. Qxh6 Qg7 31. Rg3 Qxg3 32. hxg3 Kf7 33. Qh7+ Kf6
34. Qh6+ Ke7 35. Qg5+ Kd6 36. Qg7 Nxb2 37. Qe5+ Ke7 38. d5 Rf6 39. d6+ Kf7 40.
d7 Rd8 41. Qd6 Nd3 42. Qb6 Rxd7 43. Qxa6 Rd5 44. a4 bxa4 45. Qxa4 Rg6 46. Qa7+
Kf6 47. Qe3 Rg7 48. Qf3 Rh7 49. g4 Rb5 50. g5+ Kg6 51. Qf1 Rb2 52. g4 Rc2 53.
gxf5+ Kxf5 54. Qf3 Rc1+ 55. Kg2 Ne1+ 56. Kg3 Nxf3 57. Kxf3 Rxc3+ 58. Kg2 Kxf4
59. g6 Rc2+ 60. Kg1 Rd7 61. g7 Rd1# {White checkmated} 0-1

[Event "Team 45 45 League T40"]
[Site "Internet Chess Club"]
[Date "2009.02.09"]
[Round "2"]
[White "Timotheous"]
[Black "achessfool"]
[Result "1-0"]
[WhiteElo "1730"]
[BlackElo "1455"]
[Opening "English opening"]
[ECO "A30"]
[Time "19:00:12"]
[TimeControl "2700+45"]

1. Nf3 Nf6 2. c4 c5 3. g3 g6 4. b3 Bg7 5. Bb2 O-O 6. Bg2 d5 7. cxd5 Nxd5 8. Bxg7
Kxg7 9. Qc2 Nd7 10. Ng5 N5f6 11. O-O Rb8 12. Nc3 h6 13. Nge4 b6 14. Qb2 Bb7 15.
Nxf6 Bxg2 16. Nxd7 Qxd7 17. Kxg2 Kh7 18. Rad1 Rbd8 19. d3 f5 20. e3 Qc6+ 21. Kg1
Qf3 22. Qe2 Qc6 23. Rc1 a5 24. Rfd1 b5 25. d4 b4 26. Na4 Rd5 27. Rxc5 Rxc5 28.
Nxc5 Rd8 29. Qc4 Qf6 30. Rc1 h5 31. Qe6 Qf8 32. Nd7 Qe8 33. Ne5 Rd6 34. Qf7+
Qxf7 35. Nxf7 Rf6 36. Ne5 Kh6 37. Rc7 Re6 38. Ra7 g5 39. Rxa5 h4 40. Rb5 hxg3
41. hxg3 Kh5 42. Rxb4 f4 43. g4+ Kh4 44. Rb8 Rh6 45. e4 f3 46. Kh2 e6 47. a4 Rh7
48. a5 Rh6 49. a6 Rh7 50. a7 Rh6 51. a8=Q Rg6 52. Rh8+ Rh6 53. Rxh6# {Black
checkmated} 1-0

[Event "Team 45 45 League T40"]
[Site "Internet Chess Club"]
[Date "2009.02.13"]
[Round "2"]
[White "BishopMike"]
[Black "OGO"]
[Result "0-1"]
[WhiteElo "1429"]
[BlackElo "1626"]
[Opening "Danish gambit"]
[ECO "C21"]
[Time "18:06:14"]
[TimeControl "2700+45"]

1. e4 e5 2. d4 exd4 3. c3 d6 4. Nf3 Nf6 5. Bc4 Be7 6. O-O dxc3 7. Nxc3 O-O 8.
Re1 Bg4 9. Nd5 Nbd7 10. Nxe7+ Qxe7 11. Bg5 Bxf3 12. Qxf3 Ne5 13. Qb3 Ng6 14.
Rab1 b6 15. Bd5 Rab8 16. Rbc1 c5 17. h4 Qe5 18. Bxf6 Qxf6 19. g3 Ne5 20. f4 Ng4
21. Qf3 Qd4+ 22. Kg2 h5 23. Re2 c4 24. Rxc4 Qf6 25. Rc7 a5 26. Rec2 b5 27. Bb7
b4 28. Qb3 Qd4 29. Kh3 Rxb7 30. Rxb7 Qxe4 31. Rc1 Qxb7 32. f5 Rc8 33. Re1 Qc6
34. Qd1 Qc2 35. Qxc2 Rxc2 36. Re8+ Kh7 37. f6 Rh2# {White checkmated} 0-1

[Event "Team 45 45 League T40"]
[Site "Internet Chess Club"]
[Date "2009.02.07"]
[Round "2"]
[White "dondel"]
[Black "TheronUAL"]
[Result "0-1"]
[WhiteElo "1416"]
[BlackElo "1422"]
[Opening "Caro-Kann defense"]
[ECO "B10"]
[Time "22:00:37"]
[TimeControl "2700+45"]

1. e4 c6 2. Nf3 d5 3. exd5 cxd5 4. d4 Nf6 5. h3 Nc6 6. Nc3 e6 7. a3 Be7 8. Bd3
O-O 9. O-O a6 10. Re1 Re8 11. Ne2 Bd6 12. b4 e5 13. dxe5 Nxe5 14. Nxe5 Bxe5 15.
Rb1 b5 16. Nf4 Bb7 17. Nh5 d4 18. Nxf6+ Qxf6 19. Be4 Bh2+ 20. Kxh2 Rxe4 21. Rxe4
Bxe4 22. f3 Bc6 23. Qd3 Re8 24. Bd2 Bd5 25. Qf1 Bc4 26. Qc1 Re2 27. Be1 Qxf3 28.
Qg5 f6 29. Qg3 Qxg3+ 30. Kxg3 Rxc2 31. Rd1 d3 32. Kf4 Rxg2 33. Bg3 Re2 {White
resigns} 0-1